 Dungeon Crawl Stone Soup version 0.21-a0-39-g28ea6b7 (webtiles) character file.

79 HereIgoKillingAgain the Sneak (level 4, -6/37 HPs)
             Began as a Gnoll Assassin on May 30, 2017.
             Mangled by an orc priest
             ... wielding a +0 war axe
              (7 damage)
             ... on level 3 of the Dungeon.
             The game lasted 00:02:09 (1639 turns).

HereIgoKillingAgain the Sneak (Gnoll Assassin)      Turns: 1639, Time: 00:02:09

Health: -6/37      AC:  4    Str: 10    XL:     4   Next: 38%
Magic:  4/4        EV: 13    Int: 12    God:
Gold:   65         SH:  0    Dex: 15    Spells: 3/3 levels left

rFire    . . .     SeeInvis .   a - +2 dagger
rCold    . . .     Gourm    .   (no shield)
rNeg     . . .     Faith    .   c - +0 robe
rPois    .         Spirit   .   i - +0 helmet
rElec    .         Reflect  .   d - +0 cloak
rCorr    .         Harm     .   (no gloves)
MR       .....                  (no boots)
Stlth    +++.......             (no amulet)
Regen    0.2/turn               (no ring)
MPRegen  0.1/turn               (no ring)

@: no status effects
A: short attention span, fangs 1, strong nose
a: no special abilities


You were on level 3 of the Dungeon.
You were not hungry.

You visited 1 branch of the dungeon, and saw 3 of its levels.

You collected 65 gold pieces.

Inventory:

Hand Weapons
 a - a +2 dagger (weapon)
 b - a +0 blowgun
Missiles
 e - 40 poisoned needles
 f - 2 curare-tipped needles
Armour
 c - a +0 robe (worn)
 d - a +0 cloak (worn)
 i - a +0 helmet (worn)
Scrolls
 k - a scroll of enchant weapon
Comestibles
 g - 2 bread rations
 h - 2 royal jellies
 m - 3 chunks of flesh


   Skills:
 + Level 4.0 Fighting
 + Level 4.1 Short Blades
 + Level 5.1 Throwing
 + Level 3.2 Dodging
 + Level 6.1 Stealth


You had 3 spell levels left.
You didn't know any spells.

Dungeon Overview and Level Annotations

Branches:
Dungeon (3/15)

Altars:


Innate Abilities, Weirdness & Mutations

You have a short attention span.
You have very sharp teeth.
Your uncanny sense of smell can sniff out nearby items.


Message History

The hobgoblin closely misses you. The kobold hits you. The rat bites you.
The kobold barely misses you.
Things that are here:
a whip; a kobold corpse Unknown command.
You hit the kobold but do no damage. The rat bites you.
* * * LOW HITPOINT WARNING * * *
The hobgoblin hits you.
* * * LOW HITPOINT WARNING * * *
The rat twitches its whiskers.
The kobold hits you.
* * * LOW HITPOINT WARNING * * *
You miss the kobold. The rat closely misses you. The hobgoblin hits you.
* * * LOW HITPOINT WARNING * * *
The kobold hits you but does no damage.
You hit the kobold but do no damage. The rat bites you but does no damage.
The hobgoblin hits you.
* * * LOW HITPOINT WARNING * * *
The orc priest hits you with a war axe!
You die...

##### ##...##
##.....##
#.......#
#.@o....#
#gKrw...#
####r....##
#..go.....# ###
##.#.......# ....
#..........#
....##...#.....##
......w.......##
.......###.####


You could see a worm, an orc priest, an orc, a hobgoblin, a goblin, a kobold and
2 rats.

Vanquished Creatures
  Jessica (D:2)
  A dart slug (D:1)
  2 leopard geckos
  3 giant cockroaches
  4 goblins (D:2)
  4 hobgoblins
  4 jackals (D:2)
  9 kobolds
  5 bats
  9 frilled lizards
  9 rats
51 creatures vanquished.

Notes
Turn   | Place    | Note
-------+----------+-------------------------------------------
     0 | D:1      | HereIgoKillingAgain the Gnoll Assassin began the quest for the Orb.
     0 | D:1      | Reached XP level 1. HP: 18/18 MP: 1/1
   159 | D:1      | Reached XP level 2. HP: 24/24 MP: 2/2
   547 | D:1      | Reached skill level 6 in Stealth
   850 | D:2      | Reached XP level 3. HP: 19/29 MP: 3/3
  1388 | D:2      | Noticed Jessica
  1415 | D:2      | Killed Jessica
  1415 | D:2      | Reached skill level 5 in Throwing
  1415 | D:2      | Reached XP level 4. HP: 32/37 MP: 4/4
  1639 | D:3      | HP: 1/37 [hobgoblin (4)]
  1639 | D:3      | Mangled by an orc priest

Vault maps used:
D:1:      dpeg_arrival_houses_and_road
D:2:      uniq_jessica
D:3:      gammafunk_temple_of_torment, old_standard_altar

Skill      XL: |  1  2  3  4 |
---------------+-------------+-----
Dodging        | 2 3 |  3.2
Throwing       | 4 5 |  5.1
Stealth        | 6 |  6.1
Fighting       | 4 |  4.0
Short Blades   | 4 |  4.1

Action                   |  1- 3 |  4- 6 || total
-------------------------+-------+-------++-------
Melee: Dagger            |   129 |    25 ||   154
       Bite              |     6 |     3 ||     9
 Fire: Blowgun           |     7 |       ||     7
  Use: Scroll            |       |     2 ||     2
       Potion            |       |     2 ||     2
 Stab: Sleeping          |     6 |     2 ||     8
  Eat: Chunk             |     1 |     1 ||     2
Armor: Robe              |    14 |     6 ||    20
Dodge: Dodged            |    86 |    26 ||   112
